 Dungeon Crawl Stone Soup version 0.18.1-50-g88ac8fd (webtiles) character file.

80 Dioneo the Distorting Demonspawn (level 4, -3/35 HPs)
             Began as a Demonspawn Abyssal Knight on Oct 22, 2016.
             Was a Believer of Lugonu.
             Slain by Crazy Yiuf
             ... wielding a +4 quarterstaff of chaos
              (6 damage)
             ... on level 2 of the Dungeon.
             The game lasted 00:04:35 (2084 turns).

Dioneo the Distorting Demonspawn (DsAK)             Turns: 2084, Time: 00:04:38

Health: -3/35      AC:  7    Str: 12 (13) XL:     4   Next: 18%
Magic:  4/7        EV: 11    Int: 12 (13) God:    Lugonu [**....]
Gold:   62         SH:  0    Dex: 11 (13) Spells: 0 memorised, 3 levels left

rFire  . . .     SeeInvis .     a - +1 mace
rCold  + . .     Gourm    .     b - +1 leather armour
rNeg   . . .     Faith    .     (no shield)
rPois  .         Spirit   .     (no helmet)
rElec  .         Dismiss  .     (no cloak)
rCorr  .         Reflect  .     (no gloves)
SustAt .         Harm     .     (no boots)
MR     .....                    (no amulet)
Stlth  +.........               (no ring)
                                (no ring)

@: lethally poisoned (-3 -> -14), very slightly contaminated, hasted, very
quick, not resistant to hostile enchantments, very unstealthy
A: thin metallic scales 2, cold resistance 1
a: Depart the Abyss, Bend Space, Renounce Religion


You were on level 2 of the Dungeon.
You worshipped Lugonu.
Lugonu was pleased with you.
You were not hungry.

You visited 1 branch of the dungeon, and saw 2 of its levels.
You visited the Abyss 1 time.

You collected 62 gold pieces.

Inventory:

Hand Weapons
 a - a +1 mace (weapon)
Missiles
 g - 9 poisoned needles
Armour
 b - a +1 leather armour (worn)
Jewellery
 e - an uncursed ring of magical power {unknown}
Scrolls
 d - 3 scrolls of enchant armour
 i - 2 scrolls of remove curse {unknown}
 l - a scroll of amnesia {unknown}
 m - a scroll of fog {unknown}
 o - a scroll of identify {unknown}
Potions
 f - a potion of degeneration
 h - a potion of might {unknown}
 k - a potion of flight {unknown}
 n - 2 potions of mutation {unknown}
 p - a potion of curing {unknown}
Comestibles
 c - a bread ration
 j - 2 meat rations
 q - a chunk of flesh


   Skills:
 - Level 3.0 Fighting
 + Level 3.2 Maces & Flails
 - Level 1.7 Armour
 - Level 0.8 Dodging
 + Level 4.3 Invocations


You had 3 spell levels left.
You didn't know any spells.

Dungeon Overview and Level Annotations

Branches:
Dungeon (2/15)

Altars:

Annotations:
D:2 Crazy Yiuf


Innate Abilities, Weirdness & Mutations

You are mostly covered in thin metallic scales (AC +3).
Your flesh is cold resistant.


Message History

You feel sick.
Crazy Yiuf hits you with a quarterstaff of chaos!
* * * LOW HITPOINT WARNING * * *
Crazy Yiuf freezes you.
* * * LOW HITPOINT WARNING * * *
You closely miss Crazy Yiuf.
Crazy Yiuf is heavily wounded.
You hit Crazy Yiuf but do no damage.
Crazy Yiuf is heavily wounded.
Crazy Yiuf hits you with a quarterstaff of chaos.
* * * LOW HITPOINT WARNING * * *
You are more poisoned.
Drink which item? (? for menu, Esc to quit)
It was a potion of degeneration.
There was something very wrong with that liquid.
You feel weakened.
You feel dopey.
You feel clumsy.
* * * LOW HITPOINT WARNING * * *
You feel sick.
Crazy Yiuf hits you with a quarterstaff of chaos.
You die...

###### ..>..#
.###.# .###.#
###### .....#
###...... .##..#
♣♣♣♣♣##........
...<.#
♣♣♣)♣.P..........
.##.##
♣@)♣.÷P..)..#
.##.###
#.)).g♣♣♣♣P.)...##
##....# #)).#♣
♣♣...)## #....#
### ♣♣##.# #....#
#.# ###.## #'##
#.# ### ###..## ##
#.# #####.#
##.....## .###.#
#.....#
##.......##


You could see Crazy Yiuf.

Vanquished Creatures
  Jessica (D:2)
  2 adders (D:2)
  An ooze (D:1)
  A worm (D:2)
  A giant gecko (D:2)
  A ball python (D:1)
  4 giant cockroaches
  2 goblins (D:1)
  3 hobgoblins (D:1)
  5 kobolds
  A bat (D:1)
  5 giant newts (D:1)
  3 rats
  A fungus (D:2)
31 creatures vanquished.

Notes
Turn   | Place    | Note
--------------------------------------------------------------
     0 | Abyss:1  | Dioneo the Demonspawn Abyssal Knight began the quest for the Orb.
     0 | Abyss:1  | Reached XP level 1. HP: 18/18 MP: 2/2
    17 | D:1      | Escaped the Abyss
   321 | D:1      | Gained mutation: Your flesh is cold resistant. [demonic ancestry]
   321 | D:1      | Reached XP level 2. HP: 16/24 MP: 4/4
   440 | D:1      | Reached skill level 3 in Invocations
  1201 | D:2      | Reached ** piety under Lugonu
  1321 | D:2      | Gained mutation: You are partially covered in thin metallic scales (AC +2). [demonic ancestry]
  1321 | D:2      | Reached XP level 3. HP: 25/29 MP: 5/5
  1530 | D:2      | Noticed Jessica
  1540 | D:2      | Killed Jessica
  1540 | D:2      | Reached skill level 4 in Invocations
  1739 | D:2      | Gained mutation: You are mostly covered in thin metallic scales (AC +3). [demonic ancestry]
  1739 | D:2      | Reached XP level 4. HP: 22/35 MP: 7/7
  2070 | D:2      | Noticed Crazy Yiuf
  2084 | D:2      | Slain by Crazy Yiuf

Skill      XL: |  1  2  3 |
---------------+----------+-----
Maces & Flails | 2 3 |  3.2
Invocations    | 3 4 |  4.3
Fighting       | |  3.0
Armour         | |  1.7
Dodging        | |  0.8

Action                   |  1- 3 |  4- 6 || total
-------------------------+-------+-------++-------
Melee: Mace              |    88 |    41 ||   129
  Use: Scroll            |     1 |       ||     1
       Potion            |       |     1 ||     1
  Eat: Chunk             |     3 |     1 ||     4
Armor: Leather armour    |    28 |    11 ||    39
Dodge: Dodged            |    57 |    21 ||    78
